 Dungeon Crawl Stone Soup version 0.18-a0-987-g0b0e4e7 (webtiles) character file.

13671 Chiseanne the Blocker (level 11, -3/69 HPs)
             Began as a Demonspawn Fighter on Jan 3, 2016.
             Was a High Priest of Makhleb.
             Slain by a white ugly thing (22 damage)
             ... on level 12 of the Dungeon.
             The game lasted 00:34:23 (10709 turns).

Chiseanne the Blocker (Demonspawn Fighter)         Turns: 10709, Time: 00:34:23

Health: -3/69      AC: 20    Str: 17    XL:     11   Next: 78%
Magic:  16/16      EV: 14    Int: 13    God:    Makhleb [*****.]
Gold:   333        SH: 12    Dex: 16    Spells: 0 memorised, 10 levels left

rFire  + + .     SeeInvis +     a - +5 hand axe (elec)
rCold  . . .     Gourm    .     U - +8 ring mail of Forking Paths {-Cast rN+ Regen+ Int+4}
rNeg   + . .     Faith    +     c - +0 shield
rPois  .         Spirit   .     G - +1 helmet
rElec  .         Dismiss  .     b - +2 cloak of the Thief {+Fog Slay-2 SInv Stlth+}
rCorr  .         Reflect  .     (no gloves)
SustAt .         Harm     .     (boots unavailable)
MR     +....     Rnd*Rage +     x - amulet of faith
Stlth  +......... NoCast   +    n - ring of protection from fire
                                Q - +3 ring of evasion

@: about to teleport, somewhat resistant to hostile enchantments, very
unstealthy
A: hooves 3, repulsion field 1, berserk 1, fire resistance 1, frail 2, magic
resistance 1, powered by pain 3, wild magic 1, sturdy frame 1
a: Minor Destruction, Lesser Servant of Makhleb, Major Destruction, Greater
Servant of Makhleb, Renounce Religion, Evoke Fog


You were on level 12 of the Dungeon.
You worshipped Makhleb.
Makhleb was extremely pleased with you.
You were not hungry.

You visited 2 branches of the dungeon, and saw 12 of its levels.
You also visited: Sewer.

You collected 776 gold pieces.
You spent 443 gold pieces at shops.

Inventory:

Hand Weapons
 a - a +5 hand axe of electrocution (weapon)
 l - a +0 broad axe of electrocution
 s - a +0 morningstar
 A - the cursed +1 falchion of Calculation {flame, rC+}
   (You took it off a kobold demonologist on level 7 of the Dungeon)

   It has been specially enchanted to burn those struck by it, causing extra
   injury to most foes and up to half again as much damage against particularly
   susceptible opponents.
   Big, fiery blades are also staple armaments of hydra-hunters.
   It protects you from cold.
   It has a curse placed upon it.
 J - a +0 morningstar of protection
Missiles
 e - 64 poisoned needles
 k - 29 sling bullets
 o - 5 needles of frenzy
 v - 11 bolts of frost
 y - 37 bolts
 B - a throwing net (quivered)
 O - 15 poisoned sling bullets
Armour
 b - the +2 cloak of the Thief (worn) {+Fog Slay-2 SInv Stlth+}
   (You found it on level 8 of the Dungeon)

   It affects your accuracy and damage with ranged weapons and melee attacks
   (-2).
   It lets you see invisible.
   It can be evoked to emit clouds of fog.
   It makes you more stealthy.
 c - a +0 shield (worn)
 r - the +7 plate armour of Sin {Str+6}
   (You found it on level 8 of the Dungeon)

   It affects your strength (+6).
 G - a +1 helmet (worn)
 U - the +8 ring mail of Forking Paths (worn) {-Cast rN+ Regen+ Int+4}
   (You found it on level 11 of the Dungeon)

   It affects your intelligence (+4).
   It protects you from negative energy.
   It prevents spellcasting.
   It increases your rate of regeneration.
Jewellery
 d - an uncursed ring of teleportation
 n - a ring of protection from fire (right hand)
 x - an amulet of faith (around neck)
 z - an uncursed ring of ice
 Q - a +3 ring of evasion (left hand)
Scrolls
 h - 3 scrolls of remove curse
 t - 4 scrolls of magic mapping
 H - 2 scrolls of teleportation
 I - 3 scrolls of identify
 K - 2 scrolls of fog
Potions
 i - a potion of agility
 p - a potion of cancellation
 w - 2 potions of flight
 F - 5 potions of curing
Books
 E - the Grimoire of Conjuration and Unholy Arts
   (You found it on level 10 of the Dungeon)

   Spells                             Type                      Level
   a - Sublimation of Blood           Necromancy                   2
   b - Stone Arrow                    Conjuration/Earth            3
   c - Sticky Flame                   Conjuration/Fire             4
   d - Bolt of Draining               Conjuration/Necromancy       5
   e - Simulacrum                     Ice/Necromancy               6
 V - a book of Annihilations

   Spells                             Type                      Level
   a - Poison Arrow                   Conjuration/Poison           6
   b - Chain Lightning                Conjuration/Air              8
   c - Lehudib's Crystal Spear        Conjuration/Earth            8
   d - Glaciate                       Conjuration/Ice              9
   e - Fire Storm                     Conjuration/Fire             9
Comestibles
 f - 11 bread rations
 g - 9 beef jerkies
 u - 8 meat rations


   Skills:
 - Level 8.8 Fighting
 - Level 8.4 Axes
 - Level 8.8 Armour
 * Level 10.0 Shields
 * Level 7.5 Invocations


You had 10 spell levels left.
You didn't know any spells.

Dungeon Overview and Level Annotations

Branches:
Dungeon (12/15)            Temple (1/1) D:6            Lair (0/8) D:8
    Orc (0/2) D:12

Altars:
Ashenzari
Cheibriados
Elyvilon
Fedhas
Makhleb
Okawaru
Qazlal
Ru
Sif Muna
Vehumet
Xom
Yredelemnul
Zin

Shops:
D:5 !   D:7 ?   D:9 ?(*=

Annotations:
D:5 exclusion: statue
D:12 4 runed doors


Innate Abilities, Weirdness & Mutations

You have hooves in place of feet.
You are surrounded by a mild repulsion field (EV +2).
Your flesh is heat resistant.
You are powered by pain.
You tend to lose your temper in combat.
You are very frail (-20% HP).
You are resistant to hostile enchantments.
Your spells are a little harder to cast, but a little more powerful.
Your movements are slightly less encumbered by armour (ER -2).


Message History

You closely miss the white ugly thing. You kick the white ugly thing.
The white ugly thing is heavily wounded.
You block the white ugly thing's attack.
You barely miss the white ugly thing. You kick the white ugly thing.
The white ugly thing is heavily wounded.
The white ugly thing kicks you! The white ugly thing freezes you!!
A demon appears!
It doesn't seem very happy.
You feel somewhat more hungry.
The white ugly thing closely misses you.
The cacodemon gestures at you. The bolt of energy hits you!
The rock wall explodes into countless fragments.
Read which item? (? for menu, Esc to quit)
As you read the scroll of teleportation, it crumbles to dust.
You feel strangely unstable. The white ugly thing barely misses you.
The white ugly thing kicks you.
* * * LOW HITPOINT WARNING * * *
The white ugly thing freezes you!!
You die...

#.......# #....#..
#.......# #.##....
#.......# #.#.....
#.......# #.#.#...
#.....#########.#.#...
#.(...# ..............
#.....##..............
#....u.#............#.
#..2.@#########.#...#.
#........# ###.###.#.
#........####...# ...<
#.......†..##.#######.
###.........[.........
#.........(......##
#..................
#........########.#
#........# .


You could see a cacodemon and a white ugly thing.

Vanquished Creatures
  A fire dragon (D:11)
  A centaur warrior (D:12)
  A tengu warrior (D:7)
  An unseen horror (D:11)
  A hill giant (D:11)
  A guardian serpent (shapeshifter) (D:10)
  2 kobold demonologists (D:7)
  2 komodo dragons (D:8)
  A troll (D:11)
  A two-headed ogre (D:9)
  Grinder (D:5)
  6 slime creatures
  A wyvern (D:11)
  Eustachio (D:4)
  Grum (D:8)
  3 hippogriffs
  2 hungry ghosts (D:12)
  Menkaure (D:4)
  3 wolves (D:8)
  A mottled dragon (D:8)
  A soldier ant (D:7)
  2 phantoms
  A sky beast (D:8)
  An orc warrior (D:11)
  An eye of draining (D:12)
  5 ogres
  7 necrophages (D:7)
  5 ice beasts
  5 centaurs
  2 crocodiles
  4 big kobolds
  Blork the orc (D:4)
  5 giant frogs
  A water moccasin zombie (D:8)
  A wyvern skeleton (D:11)
  4 scorpions
  A water moccasin skeleton (D:5)
  2 wights (D:7)
  3 giant frog zombies
  2 crimson imps (D:7)
  2 centaur skeletons
  2 centaur zombies
  8 hounds
  3 jellies
  A giant frog skeleton (D:10)
  3 orc priests
  2 gnoll shamans
  8 orc wizards
  6 iguanas
  Natasha (thrice) (D:2)
  9 worker ants
  A hound skeleton (D:7)
  A mummy (D:7)
  A worker ant zombie (D:7)
  8 gnolls
  12 adders
  3 river rats
  7 shadow imps
  9 oozes
  2 adder skeletons
  7 worms
  5 giant geckos
  40 orcs
  4 ball pythons
  4 bats
  5 giant cockroaches
  2 goblins (D:1)
  6 hobgoblins
  12 jackals
  14 kobolds
  6 quokkas
  A giant gecko skeleton (D:8)
  A giant gecko zombie (D:8)
  3 giant newts
  2 gnoll zombies (D:8)
  A quokka zombie (D:5)
  15 rats
  A withered plant (D:7)
306 creatures vanquished.

Vanquished Creatures (others)
  A scorpion (D:4)
  A worker ant (D:4)
  2 orcs (D:4)
  A withered plant (D:7)
5 creatures vanquished.

Grand Total: 311 creatures vanquished

Notes
Turn   | Place    | Note
--------------------------------------------------------------
     0 | D:1      | Chiseanne the Demonspawn Fighter began the quest for the Orb.
     0 | D:1      | Reached XP level 1. HP: 18/18 MP: 1/1
    70 | D:1      | Gained mutation: Your flesh is heat resistant. [demonic ancestry]
    70 | D:1      | Reached XP level 2. HP: 20/24 MP: 2/2
   971 | D:2      | Noticed Natasha
   978 | D:2      | Killed Natasha
   978 | D:2      | Gained mutation: You sometimes gain a little power by taking damage. [demonic ancestry]
   978 | D:2      | Reached XP level 3. HP: 19/29 MP: 3/3
  1085 | D:2      | Noticed Natasha
  1092 | D:2      | Killed Natasha
  1092 | D:2      | Gained mutation: You sometimes gain power by taking damage. [demonic ancestry]
  1092 | D:2      | Reached XP level 4. HP: 27/36 MP: 4/4
  1246 | D:2      | Noticed Natasha
  1257 | D:2      | Killed Natasha
  1485 | D:2      | Gained mutation: You have large cloven feet. [demonic ancestry]
  1485 | D:2      | Reached XP level 5. HP: 42/42 MP: 5/5
  1600 | D:2      | You fall through a shaft for 2 floors!
  1623 | D:4      | Reached skill level 4 in Fighting
  1672 | D:4      | Noticed Menkaure
  1678 | D:4      | Killed Menkaure
  1678 | D:4      | Reached XP level 6. HP: 20/49 MP: 6/6
  1935 | D:4      | Noticed Eustachio
  1951 | D:4      | Killed Eustachio
  1951 | D:4      | Gained mutation: You are powered by pain. [demonic ancestry]
  1951 | D:4      | Reached XP level 7. HP: 35/55 MP: 7/7
  2019 | D:4      | Reached skill level 5 in Fighting
  2020 | D:4      | Found a shimmering altar of Xom.
  2074 | D:4      | Noticed Blork the orc
  2084 | D:4      | Killed Blork the orc
  2551 | D:5      | Entered Level 5 of the Dungeon
  2582 | D:5      | Found Zeoqoc's Distillery.
  2589 | D:5      | Noticed Grinder
  2617 | D:5      | Killed Grinder
  2617 | D:5      | Reached skill level 5 in Armour
  2617 | D:5      | Reached skill level 5 in Shields
  2617 | D:5      | Gained mutation: You have hoof-like feet. [demonic ancestry]
  2617 | D:5      | Reached XP level 8. HP: 24/64 MP: 8/8
  2625 | D:5      | Bought a potion of poison for 11 gold pieces
  2625 | D:5      | Bought a potion of degeneration for 11 gold pieces
  2625 | D:5      | Bought a potion of brilliance for 44 gold pieces
  2819 | D:5      | Reached skill level 5 in Axes
  2937 | D:5      | Found an iron altar of Okawaru.
  2994 | D:5      | Found a shattered altar of Ashenzari.
  3027 | D:5      | Reached skill level 6 in Fighting
  3086 | D:5      | Found a radiant altar of Vehumet.
  3621 | D:6      | Found a blossoming altar of Fedhas.
  3686 | D:6      | Found a staircase to the Ecumenical Temple.
  3699 | Temple   | Entered the Ecumenical Temple
  3707 | Temple   | Became a worshipper of Makhleb the Destroyer
  3937 | D:6      | Found a glowing drain.
  4069 | Sewer    | Entered a sewer
  4341 | Sewer    | Reached * piety under Makhleb
  4526 | Sewer    | Gained mutation: You have hooves in place of feet. [demonic ancestry]
  4526 | Sewer    | Reached XP level 9. HP: 61/71 MP: 9/9
  4918 | D:7      | Reached ** piety under Makhleb
  4919 | D:7      | Noticed a tengu warrior
  4926 | D:7      | Reached skill level 7 in Fighting
  4933 | D:7      | Killed a tengu warrior
  5442 | D:7      | Found a burning altar of Makhleb.
  5442 | D:7      | Noticed a cacodemon
  5548 | D:7      | Found Ruky's Magic Scroll Emporium.
  5551 | D:7      | Bought a scroll of fear for 45 gold pieces
  5551 | D:7      | Bought a scroll of enchant weapon for 97 gold pieces
  5551 | D:7      | Bought a scroll of identify for 26 gold pieces
  5562 | D:7      | Found a stormy altar of Qazlal.
  5609 | D:7      | Reached XP level 10. HP: 77/79 MP: 10/10
  5685 | D:7      | Noticed an orange demon
  5690 | D:7      | Noticed a soul eater
  5700 | D:7      | Noticed a rust devil
  5715 | D:7      | Reached *** piety under Makhleb
  5726 | D:7      | Gained mutation: You tend to lose your temper in combat. [a neqoxec]
  5734 | D:7      | Gained mutation: You are resistant to hostile enchantments. [potion of mutation]
  5734 | D:7      | Gained mutation: You are frail (-10% HP). [potion of mutation]
  5734 | D:7      | Gained mutation: Your movements are slightly less encumbered by armour (ER -2). [potion of mutation]
  5974 | D:7      | Gained mutation: Your spells are a little harder to cast, but a little more powerful. [potion of mutation]
  5974 | D:7      | Gained mutation: You are very frail (-20% HP). [potion of mutation]
  6127 | D:7      | Reached skill level 8 in Fighting
  6147 | D:7      | Got a polished falchion {flame}
  6198 | D:7      | Identified the cursed +1 falchion of Calculation {flame, rC+} (You took it off a kobold demonologist on level 7 of the Dungeon)
  6601 | D:5      | Bought a potion of heal wounds for 55 gold pieces
  6693 | D:8      | Noticed Grum
  6706 | D:8      | Killed Grum
  6867 | D:8      | Got a heavily runed plate armour
  6969 | D:8      | Identified the +7 plate armour of Sin {Str+6} (You found it on level 8 of the Dungeon)
  7012 | D:8      | Found a sacrificial altar of Ru.
  7383 | D:8      | Found a basalt altar of Yredelemnul.
  7553 | D:8      | Reached **** piety under Makhleb
  7613 | D:8      | Found a staircase to the Lair.
  8097 | D:9      | Found Ritiah's Assorted Antiques.
  8105 | D:9      | Bought a granite ring for 110 gold pieces
  8105 | D:9      | Bought a scroll of fog for 44 gold pieces
  8128 | D:9      | Found Vularoff's Jewellery Shop.
  8438 | D:9      | Found Rukhlywa's Antique Weapon Boutique.
  8475 | D:9      | Found Roczesea's Magic Scroll Shop.
  8487 | D:9      | Gained mutation: You are surrounded by a mild repulsion field (EV +2). [demonic ancestry]
  8487 | D:9      | Reached XP level 11. HP: 60/69 MP: 11/11
  8553 | D:10     | Entered Level 10 of the Dungeon
  8592 | D:10     | Reached skill level 1 in Invocations
  9051 | D:10     | Identified the Grimoire of Conjuration and Unholy Arts
  9465 | D:11     | Noticed a hill giant
  9476 | D:11     | Killed a hill giant
  9643 | D:11     | Got a shimmering ring mail
  9664 | D:11     | Identified the +8 ring mail of Forking Paths {-Cast rN+ Regen+ Int+4} (You found it on level 11 of the Dungeon)
  9858 | D:11     | Noticed an unseen horror
  9883 | D:11     | Killed an unseen horror
  9883 | D:11     | Reached ***** piety under Makhleb
  9891 | D:11     | Noticed a fire dragon
  9940 | D:11     | Killed a fire dragon
  9940 | D:11     | Reached skill level 9 in Shields
 10212 | D:11     | Reached skill level 5 in Invocations
 10362 | D:12     | Noticed a centaur warrior
 10369 | D:12     | Killed a centaur warrior
 10388 | D:12     | Found a huge runed gate.
 10392 | D:12     | Found a huge runed gate.
 10393 | D:12     | Found a huge runed gate.
 10393 | D:12     | Noticed a death yak
 10394 | D:12     | Found a huge runed gate.
 10594 | D:12     | Found a staircase to the Orcish Mines.
 10601 | D:12     | Reached skill level 10 in Shields
 10684 | D:12     | Noticed a white ugly thing
 10706 | D:12     | Noticed a cacodemon
 10709 | D:12     | Slain by a white ugly thing

Vault maps used:
D:1:      sevenhm_arrival_forest_fort_small_3
D:2:      first_bread, minmay_joined_circles, uniq_natasha
D:4:      grunt_ministairs_5, kennysheep_small_spiral, xom_confusion_cloud,
          uniq_menkaure, uniq_blork_the_orc, uniq_eustachio
D:5:      evilmike_ruin_ashenzari, okawaru_trees_2, vehumet_statue,
          serial_shops, nicolae_shop_window_shopping, uniq_grinder
D:6:      fedhas_altar_2, minmay_temple_entry_large_hall, portal_sewer_entry_b
D:7:      minmay_opposing_rooms, old_standard_altar, serial_undead,
          serial_undead_c, serial_undead_f, serial_undead_e, serial_undead_c,
          serial_undead_a, serial_undead_c, serial_undead_e, serial_undead_f,
          serial_shops, kennysheep_mini, grunt_ogre_cave,
          makhleb_altar_promises_db
D:8:      lemuel_coloured_pillars_altar, lemuel_zombie_altar_yredelemnul,
          erik_lair_dragon, uniq_grum
D:9:      serial_shops, shop, nicolae_shop_behind_doors, shop, shop
D:11:     dragon1_lemuel
D:12:     lemuel_bear_cage, orc_0_dummy
Temple:   circular_temple_6
Sewer:    sewer_co_tree

Action                   |  1- 3 |  4- 6 |  7- 9 | 10-12 || total
-------------------------+-------+-------+-------+-------++-------
Melee: War axe           |    72 |       |       |       ||    72
       Hand axe          |     8 |    77 |   396 |   449 ||   930
Throw: Tomahawk          |       |     2 |     3 |     6 ||    11
Invok: Greater Servant o |       |       |       |     1 ||     1
  Use: Scroll            |     3 |     5 |    10 |    13 ||    31
       Potion            |       |       |     3 |     7 ||    10
 Stab: Sleeping          |       |       |       |     1 ||     1
  Eat: Chunk             |       |     3 |    13 |    12 ||    28
       Fruit             |       |       |       |     6 ||     6
       Royal jelly       |       |       |       |     2 ||     2
       Beef jerky        |       |       |       |     2 ||     2
